 Dungeon Crawl Stone Soup version 0.30-b1-2-g02819fbbbe (webtiles) character file.

Game seed: 2764861239080794104

184 raph the Firebug (level 5, -1/28 HPs)
             Began as a Deep Elf Fire Elementalist on June 7, 2023.
             Slain by a wyvern zombie (10 damage)
             ... on level 5 of the Dungeon.
             The game lasted 00:06:43 (4994 turns).

raph the Firebug (Deep Elf Fire Elementalist)       Turns: 4994, Time: 00:06:43

Health: -1/28      AC:  8    Str:  5    XL:     5   Next: 36%
Magic:  8/13       EV: 13    Int: 22    God:
Gold:   143        SH:  0    Dex: 20    Spells: 3/12 levels left

rFire   . . .        r - +2 short sword (venom)
rCold   . . .        (no shield)
rNeg    . . .        a - +0 robe
rPois   .            e - +2 helmet
rElec   .            u - +1 cloak
rCorr   .            (no gloves)
SInv    .            m - +0 pair of boots of Beogh's Generosity {Dex+5}
Will    .....        (no amulet)
Stlth   ++           (no ring)
HPRegen 0.24/turn    (no ring)
MPRegen 0.13/turn

%: no passive effects
@: no status effects
A: no striking features
a: no special abilities


You were on level 5 of the Dungeon.
You visited 1 branch of the dungeon, and saw 5 of its levels.

You collected 197 gold pieces.
You spent 54 gold pieces at shops.

Inventory:

Hand Weapons
 f - a +0 short sword of draining
 j - a +0 short sword
 r - a +2 short sword of venom (weapon)
Armour
 a - a +0 robe (worn)
 e - a +2 helmet (worn)
 m - the +0 pair of boots of Beogh's Generosity (worn) {Dex+5}
   (You found it on level 2 of the Dungeon)

   Dex:       It affects your dexterity (+5).
 u - a +1 cloak (worn)
Jewellery
 i - a ring of resist corrosion
 o - an amulet of faith
 v - the ring of Qotetel {+Blink rF- rC++ EV+5 Int+2}
   (You found it on level 4 of the Dungeon)

   [ring of evasion]

   EV:        It affects your evasion (+5).
   Int:       It affects your intelligence (+2).
   rF:        It makes you vulnerable to fire.
   rC:        It greatly protects you from cold.
   +Blink:    It lets you blink.
Wands
 n - a wand of digging (3)
Scrolls
 d - a scroll of blinking
 g - 3 scrolls of fog
 k - 2 scrolls of teleportation
Potions
 b - 2 potions of magic
 c - a potion of brilliance
 h - 5 potions of curing
 l - a potion of berserk rage {unknown}
 s - a potion of mutation {unknown}
 w - a potion of lignification {unknown}


   Skills:
 - Level 2.4 Dodging
 - Level 2.4 Stealth
 + Level 4.3 Spellcasting
 - Level 1.1 Conjurations
 * Level 6.2 Fire Magic


You had 3 spell levels left.
You knew the following spells:

 Your Spells              Type           Power      Damage    Failure   Level
a - Foxfire               Conj/Fire      80%        2x1d8     2%          1
b - Scorch                Fire           64%        2d7       1%          2
c - Inner Flame           Hex/Fire       18%        N/A       9%          3
d - Volatile Blastmotes   Fire/Tloc      36%        2d13      9%          3

Your spell library contained the following spells:

 Spells                   Type           Power      Damage    Failure   Level
 Ignite Poison            Fire/Tmut/Pois 13%        N/A       14%         3
 Flame Wave               Conj/Fire      20%        2d7       24%         4
 Sticky Flame             Conj/Fire      20%        2d4       24%         4
 Ignition                 Fire           16%        3d6       100%        8


Dungeon Overview and Level Annotations

Branches:
Dungeon (5/15)
 Temple: D:4-7

Altars:
Ashenzari
Dithmenos
Hepliaklqana
Makhleb
Qazlal
Ru
Vehumet
Wu Jian
Zin
The Shining One

Shops:
D:2 =   D:4 ((=*[

Annotations:
D:4 1 runed translucent door, magipi's ghost, amateur GrEE


Message History

Confirm with . or Enter, or press ? or * to list all spells.
You conjure some foxfire!
Casting: Foxfire (safe; 2% risk of failure)
Confirm with . or Enter, or press ? or * to list all spells.
You conjure some foxfire!
The foxfire hits the howler monkey zombie!
The howler monkey zombie is moderately damaged.
The foxfire hits the howler monkey zombie!
The howler monkey zombie is severely damaged.
Casting: Foxfire (safe; 2% risk of failure)
Confirm with . or Enter, or press ? or * to list all spells.
You conjure some foxfire!
The foxfire hits the howler monkey zombie.
The howler monkey zombie is almost destroyed.
You barely miss the howler monkey zombie.
The howler monkey zombie is almost destroyed.
The foxfire hits the howler monkey zombie.
You destroy the howler monkey zombie!
You start resting.
Magic restored.
You start waiting.
An adder skeleton is nearby!
Casting: Foxfire (safe; 2% risk of failure)
Confirm with . or Enter, or press ? or * to list all spells.
A cloud of volatile blastmotes flares up around you!
The cloud of blastmotes explodes!
The concussive blast engulfs the adder skeleton!!
You destroy the adder skeleton!
The concussive blast engulfs you!!
Ouch! That really hurt!
* * * LOW HITPOINT WARNING * * *
You are knocked back by the blast.
You hear an angry hiss.
Casting: Volatile Blastmotes (quite dangerous; 9% risk of failure)
Confirm with . or Enter, or press ? or * to list all spells.
Flames lash the wyvern zombie.
The wyvern zombie is lightly damaged.
The wyvern zombie's fire resistance burns away.
The wyvern zombie barely misses you. The wyvern zombie bites you!
You die...

#### ..# #.#
#.# #.###
##.@<##
#.###..Z..#
...........#
##.###...>.#
#......#
#......#
#......#
.......#
.........


You could see a wyvern zombie (combustible).

Vanquished Creatures
  2 iguanas (D:4)
  A howler monkey zombie (D:5)
  3 adders
  An adder zombie (D:5)
  An adder skeleton (D:5)
  2 worms (D:2)
  5 orcs
  4 endoplasms
  3 giant cockroaches
  3 goblins
  9 hobgoblins
  10 jackals
  12 kobolds
  5 quokkas
  6 ball pythons
  A bat (D:1)
  3 frilled lizards (D:1)
  4 rats
75 creatures vanquished.

Vanquished Creatures (others)
  179 foxfires
  A withered plant (D:5)
180 creatures vanquished.

Grand Total: 255 creatures vanquished

Notes
Turn   | Place    | Note
-------+----------+-------------------------------------------
     0 | D:1      | raph the Deep Elf Fire Elementalist began the quest for the
                  | Orb.
     0 | D:1      | Reached XP level 1. HP: 10/10 MP: 6/6
   304 | D:1      | Reached XP level 2. HP: 15/15 MP: 2/8
   308 | D:1      | Reached skill level 4 in Fire Magic
   655 | D:1      | Learned a level 2 spell: Scorch
  1251 | D:1      | Found a faded altar of an unknown god.
  1427 | D:2      | Reached XP level 3. HP: 19/19 MP: 1/9
  1497 | D:2      | Learned a level 3 spell: Inner Flame
  1595 | D:2      | Found a stormy altar of Qazlal.
  1609 | D:2      | Reached skill level 5 in Fire Magic
  1666 | D:2      | Found Oneasawa's Jewellery Shoppe.
  1916 | D:2      | Identified the +0 pair of boots of Beogh's Generosity
                  | {Dex+5}
  2282 | D:3      | Reached XP level 4. HP: 24/24 MP: 7/11
  2592 | D:3      | Learned a level 3 spell: Volatile Blastmotes
  2904 | D:4      | Found Toexet's Armour Emporium.
  3048 | D:4      | Bought a +0 cloak for 54 gold pieces
  3068 | D:4      | Found a sacrificial altar of Ru.
  3070 | D:4      | Found a shadowy altar of Dithmenos.
  3074 | D:4      | Found a glowing silver altar of Zin.
  3074 | D:4      | Found an ornate altar of the Wu Jian Council.
  3074 | D:4      | Found a broken altar of Ashenzari.
  3075 | D:4      | Found a hazy altar of Hepliaklqana.
  3076 | D:4      | Found a radiant altar of Vehumet.
  3698 | D:4      | Found Ziurhoj's Weapon Boutique.
  3701 | D:4      | Found a runed translucent door.
  3809 | D:4      | Found Nasar's Weapon Shoppe.
  3845 | D:4      | Noticed magipi's ghost (amateur GrEE)
  3882 | D:4      | Found a glowing golden altar of the Shining One.
  3973 | D:4      | Identified the ring of Qotetel {+Blink rF- rC++ EV+5 Int+2}
  4004 | D:4      | Reached XP level 5. HP: 5/28 MP: 5/13
  4212 | D:4      | Found Feerasod's Jewellery Emporium.
  4218 | D:4      | Reached skill level 6 in Fire Magic
  4483 | D:4      | Found a burning altar of Makhleb.
  4634 | D:4      | Found Bycw's Assorted Antiques.
  4835 | D:5      | Entered Level 5 of the Dungeon
  4994 | D:5      | Slain by a wyvern zombie

Illustrated notes

Levels and vault maps discovered:
D:1:      spicycebolla_green_bress_n_ham, layout_loops_ring,
          shapermc_ecumenical_altar_ellora, nicolae_figureground_pulse
D:2:      layout_basic, serial_shops, shop, basic_altar
D:3:      layout_rooms
D:4:      nicolae_cairo_tiling_large, layout_loops_ring,
          mainiacjoe_overflow_tiny_flanked, tso_altar, minitemple,
          gammafunk_ghost_grave, serial_shops, shop, shop,
          nicolae_lakefront_shop, nicolae_shop_competitors_out_of_business,
          nicolae_shop_stone
D:5:      layout_loops_ring, minmay_temple_entry_poolview, serial_undead,
          serial_undead_d, serial_undead_a, serial_undead_a, serial_undead_e,
          hangedman_decor_peaks_small, minmay_misc_feat_ornament,
          minmay_manual_mail

Skill      XL: |  1  2  3  4  5 |
---------------+----------------+-----
Fire Magic     | 4 5 6 |  6.2
Spellcasting   | 4 |  4.3
Dodging        | |  2.4
Stealth        | |  2.4
Conjurations   | |  1.1

Action                     |  1- 3 |  4- 6 || total
---------------------------+-------+-------++-------
  Melee: Unarmed           |     4 |       ||     4
         Short sword       |     5 |     2 ||     7
   Cast: Foxfire           |    57 |    52 ||   109
         Scorch            |    18 |    20 ||    38
         Volatile Blastmot |       |     3 ||     3
    Use: Scroll            |     3 |     6 ||     9
 Armour: Robe              |     6 |     1 ||     7
  Dodge: Dodged            |    18 |     4 ||    22
